Workbook

Sheet Summary
A1: HVAC Job Costing Summary
A2: Indicators use only entered job data. All sample customers, technicians, equipment, and jobs are fictional. | I2: Workbook date | J2: 46276
A4: Cost and Margin Indicators | D4: Job Status
A5: Jobs entered | B5: =COUNTIF('Job Costing'!$A$5:$A$104,"?*") | D5: Draft | E5: =COUNTIF('Job Costing'!$J$5:$J$104,D5)
A6: Estimated cost | B6: =IF(COUNT('Job Costing'!$R$5:$R$104)=0,"",SUM('Job Costing'!$R$5:$R$104)) | D6: Scheduled | E6: =COUNTIF('Job Costing'!$J$5:$J$104,D6)
A7: Quoted revenue | B7: =IF(COUNT('Job Costing'!$S$5:$S$104)=0,"",SUM('Job Costing'!$S$5:$S$104)) | D7: In Progress | E7: =COUNTIF('Job Costing'!$J$5:$J$104,D7)
A8: Actual cost recorded | B8: =IF(COUNT('Job Costing'!$AA$5:$AA$104)=0,"",SUM('Job Costing'!$AA$5:$AA$104)) | D8: Complete | E8: =COUNTIF('Job Costing'!$J$5:$J$104,D8)
A9: Actual revenue recorded | B9: =IF(COUNT('Job Costing'!$AB$5:$AB$104)=0,"",SUM('Job Costing'!$AB$5:$AB$104)) | D9: On Hold | E9: =COUNTIF('Job Costing'!$J$5:$J$104,D9)
A10: Recorded gross margin | B10: =IF(COUNT('Job Costing'!$AF$5:$AF$104)=0,"",SUM('Job Costing'!$AF$5:$AF$104))
A11: Recorded gross margin % | B11: =IFERROR(B10/B9,"")
A12: Cost alert jobs | B12: =IF(B5=0,"",COUNTIF('Job Costing'!$AC$5:$AC$104,">"&Assumptions!$B$6))
A13: Low-margin jobs | B13: =IF(COUNT('Job Costing'!$AG$5:$AG$104)=0,"",SUMPRODUCT(--ISNUMBER('Job Costing'!$AG$5:$AG$104),--('Job Costing'!$AG$5:$AG$104<Assumptions!$B$5)))
A15: Cost Category | B15: Estimated | C15: Actual
A16: Labor | B16: =IF(COUNT('Job Costing'!$M$5:$M$104)=0,"",SUM('Job Costing'!$M$5:$M$104)) | C16: =IF(COUNT('Job Costing'!$V$5:$V$104)=0,"",SUM('Job Costing'!$V$5:$V$104))
A17: Material | B17: =IF(COUNT('Job Costing'!$N$5:$N$104)=0,"",SUM('Job Costing'!$N$5:$N$104)) | C17: =IF(COUNT('Job Costing'!$W$5:$W$104)=0,"",SUM('Job Costing'!$W$5:$W$104))
A18: Equipment | B18: =IF(COUNT('Job Costing'!$O$5:$O$104)=0,"",SUM('Job Costing'!$O$5:$O$104)) | C18: =IF(COUNT('Job Costing'!$X$5:$X$104)=0,"",SUM('Job Costing'!$X$5:$X$104))
A19: Subcontract | B19: =IF(COUNT('Job Costing'!$P$5:$P$104)=0,"",SUM('Job Costing'!$P$5:$P$104)) | C19: =IF(COUNT('Job Costing'!$Y$5:$Y$104)=0,"",SUM('Job Costing'!$Y$5:$Y$104))
A20: Overhead | B20: =IF(COUNT('Job Costing'!$Q$5:$Q$104)=0,"",SUM('Job Costing'!$Q$5:$Q$104)) | C20: =IF(COUNT('Job Costing'!$Z$5:$Z$104)=0,"",SUM('Job Costing'!$Z$5:$Z$104))

Sheet Job Costing
A1: HVAC Job Costing Detail
A2: Compare estimated and actual costs, revenue, and margin for each fictional demonstration job.
A3: Enter data in orange cells. Alerts identify records that need human review.
A4: Job ID | B4: Customer | C4: Job Description | D4: Equipment | E4: Lead Technician | F4: Start Date | G4: Quantity | H4: Unit | I4: Cost Responsibility | J4: Status | K4: Est. Labor Hours | L4: Est. Labor Rate | M4: Est. Labor Cost | N4: Est. Material Cost | O4: Est. Equipment Cost | P4: Est. Subcontract Cost | Q4: Est. Overhead | R4: Est. Total Cost | S4: Quoted Price | T4: Actual Labor Hours | U4: Actual Labor Rate | V4: Actual Labor Cost | W4: Actual Material Cost | X4: Actual Equipment Cost | Y4: Actual Subcontract Cost | Z4: Actual Overhead | AA4: Actual Total Cost | AB4: Actual Revenue | AC4: Cost Variance | AD4: Labor Hours Variance | AE4: Revenue Variance | AF4: Gross Margin | AG4: Gross Margin %
A5: DEMO-J001 | B5: Fictional Copper Finch Cafe | C5: Replace packaged cooling and heating unit | D5: Demo 5-ton packaged unit | E5: Fictional Tech Blair | F5: 46184 | G5: 1 | H5: system | I5: Contractor | J5: Complete | K5: 28 | L5: =IF($A5="","",IF($K5="","",IFERROR(VLOOKUP($E5,Assumptions!$D$4:$E$8,2,FALSE),""))) | M5: =IF($A5="","",IF(OR($K5="",$L5=""),"",IFERROR($K5*$L5,""))) | N5: 1450 | O5: 8200 | P5: 650 | Q5: =IF($A5="","",IF(COUNT($K5,$N5:$P5)=0,"",IFERROR(SUM($M5:$P5)*Assumptions!$B$4,""))) | R5: =IF($A5="","",IF(COUNT($K5,$N5:$P5)=0,"",IFERROR(SUM($M5:$Q5),""))) | S5: 17250 | T5: 30 | U5: =IF($A5="","",IF($T5="","",IFERROR(VLOOKUP($E5,Assumptions!$D$4:$E$8,2,FALSE),""))) | V5: =IF($A5="","",IF(OR($T5="",$U5=""),"",IFERROR($T5*$U5,""))) | W5: 1550 | X5: 8250 | Y5: 700 | Z5: =IF($A5="","",IF(COUNT($T5,$W5:$Y5)=0,"",IFERROR(SUM($V5:$Y5)*Assumptions!$B$4,""))) | AA5: =IF($A5="","",IF(COUNT($T5,$W5:$Y5)=0,"",IFERROR(SUM($V5:$Z5),""))) | AB5: 17250 | AC5: =IF(OR($R5="",$AA5=""),"",IFERROR($AA5-$R5,"")) | AD5: =IF(OR($K5="",$T5=""),"",IFERROR($T5-$K5,"")) | AE5: =IF(OR($S5="",$AB5=""),"",IFERROR($AB5-$S5,"")) | AF5: =IF(OR($AA5="",$AB5=""),"",IFERROR($AB5-$AA5,"")) | AG5: =IF(OR($AB5="",$AF5=""),"",IFERROR($AF5/$AB5,""))
A6: DEMO-J002 | B6: Fictional Lantern Workshop | C6: Perform seasonal service on split systems | D6: Demo split systems | E6: Fictional Tech Avery | F6: 46196 | G6: 4 | H6: unit | I6: Contractor | J6: Complete | K6: 10 | L6: =IF($A6="","",IF($K6="","",IFERROR(VLOOKUP($E6,Assumptions!$D$4:$E$8,2,FALSE),""))) | M6: =IF($A6="","",IF(OR($K6="",$L6=""),"",IFERROR($K6*$L6,""))) | N6: 280 | O6: 0 | P6: 0 | Q6: =IF($A6="","",IF(COUNT($K6,$N6:$P6)=0,"",IFERROR(SUM($M6:$P6)*Assumptions!$B$4,""))) | R6: =IF($A6="","",IF(COUNT($K6,$N6:$P6)=0,"",IFERROR(SUM($M6:$Q6),""))) | S6: 1300 | T6: 9.5 | U6: =IF($A6="","",IF($T6="","",IFERROR(VLOOKUP($E6,Assumptions!$D$4:$E$8,2,FALSE),""))) | V6: =IF($A6="","",IF(OR($T6="",$U6=""),"",IFERROR($T6*$U6,""))) | W6: 260 | X6: 0 | Y6: 0 | Z6: =IF($A6="","",IF(COUNT($T6,$W6:$Y6)=0,"",IFERROR(SUM($V6:$Y6)*Assumptions!$B$4,""))) | AA6: =IF($A6="","",IF(COUNT($T6,$W6:$Y6)=0,"",IFERROR(SUM($V6:$Z6),""))) | AB6: 1300 | AC6: =IF(OR($R6="",$AA6=""),"",IFERROR($AA6-$R6,"")) | AD6: =IF(OR($K6="",$T6=""),"",IFERROR($T6-$K6,"")) | AE6: =IF(OR($S6="",$AB6=""),"",IFERROR($AB6-$S6,"")) | AF6: =IF(OR($AA6="",$AB6=""),"",IFERROR($AB6-$AA6,"")) | AG6: =IF(OR($AB6="",$AF6=""),"",IFERROR($AF6/$AB6,""))
A7: DEMO-J003 | B7: Fictional Maple Kite Offices | C7: Replace air handler motor | D7: Demo 7.5-ton air handler | E7: Fictional Tech Casey | F7: 46210 | G7: 1 | H7: system | I7: Contractor | J7: Complete | K7: 12 | L7: =IF($A7="","",IF($K7="","",IFERROR(VLOOKUP($E7,Assumptions!$D$4:$E$8,2,FALSE),""))) | M7: =IF($A7="","",IF(OR($K7="",$L7=""),"",IFERROR($K7*$L7,""))) | N7: 380 | O7: 1950 | P7: 0 | Q7: =IF($A7="","",IF(COUNT($K7,$N7:$P7)=0,"",IFERROR(SUM($M7:$P7)*Assumptions!$B$4,""))) | R7: =IF($A7="","",IF(COUNT($K7,$N7:$P7)=0,"",IFERROR(SUM($M7:$Q7),""))) | S7: 3600 | T7: 13 | U7: =IF($A7="","",IF($T7="","",IFERROR(VLOOKUP($E7,Assumptions!$D$4:$E$8,2,FALSE),""))) | V7: =IF($A7="","",IF(OR($T7="",$U7=""),"",IFERROR($T7*$U7,""))) | W7: 425 | X7: 2025 | Y7: 0 | Z7: =IF($A7="","",IF(COUNT($T7,$W7:$Y7)=0,"",IFERROR(SUM($V7:$Y7)*Assumptions!$B$4,""))) | AA7: =IF($A7="","",IF(COUNT($T7,$W7:$Y7)=0,"",IFERROR(SUM($V7:$Z7),""))) | AB7: 3600 | AC7: =IF(OR($R7="",$AA7=""),"",IFERROR($AA7-$R7,"")) | AD7: =IF(OR($K7="",$T7=""),"",IFERROR($T7-$K7,"")) | AE7: =IF(OR($S7="",$AB7=""),"",IFERROR($AB7-$S7,"")) | AF7: =IF(OR($AA7="",$AB7=""),"",IFERROR($AB7-$AA7,"")) | AG7: =IF(OR($AB7="",$AF7=""),"",IFERROR($AF7/$AB7,""))
A8: DEMO-J004 | B8: Fictional Silver Acorn Market | C8: Repair refrigerant piping | D8: Demo walk-in cooler condensing unit | E8: Fictional Tech Devon | F8: 46222 | G8: 45 | H8: linear foot | I8: Shared | J8: Complete | K8: 18 | L8: =IF($A8="","",IF($K8="","",IFERROR(VLOOKUP($E8,Assumptions!$D$4:$E$8,2,FALSE),""))) | M8: =IF($A8="","",IF(OR($K8="",$L8=""),"",IFERROR($K8*$L8,""))) | N8: 1150 | O8: 300 | P8: 850 | Q8: =IF($A8="","",IF(COUNT($K8,$N8:$P8)=0,"",IFERROR(SUM($M8:$P8)*Assumptions!$B$4,""))) | R8: =IF($A8="","",IF(COUNT($K8,$N8:$P8)=0,"",IFERROR(SUM($M8:$Q8),""))) | S8: 4100 | T8: 20 | U8: =IF($A8="","",IF($T8="","",IFERROR(VLOOKUP($E8,Assumptions!$D$4:$E$8,2,FALSE),""))) | V8: =IF($A8="","",IF(OR($T8="",$U8=""),"",IFERROR($T8*$U8,""))) | W8: 1280 | X8: 325 | Y8: 900 | Z8: =IF($A8="","",IF(COUNT($T8,$W8:$Y8)=0,"",IFERROR(SUM($V8:$Y8)*Assumptions!$B$4,""))) | AA8: =IF($A8="","",IF(COUNT($T8,$W8:$Y8)=0,"",IFERROR(SUM($V8:$Z8),""))) | AB8: 4000 | AC8: =IF(OR($R8="",$AA8=""),"",IFERROR($AA8-$R8,"")) | AD8: =IF(OR($K8="",$T8=""),"",IFERROR($T8-$K8,"")) | AE8: =IF(OR($S8="",$AB8=""),"",IFERROR($AB8-$S8,"")) | AF8: =IF(OR($AA8="",$AB8=""),"",IFERROR($AB8-$AA8,"")) | AG8: =IF(OR($AB8="",$AF8=""),"",IFERROR($AF8/$AB8,""))
A9: DEMO-J005 | B9: Fictional Paper Moon Studio | C9: Install ductless heat pump | D9: Demo 2-zone ductless system | E9: Fictional Tech Ellis | F9: 46235 | G9: 2 | H9: zone | I9: Contractor | J9: Complete | K9: 24 | L9: =IF($A9="","",IF($K9="","",IFERROR(VLOOKUP($E9,Assumptions!$D$4:$E$8,2,FALSE),""))) | M9: =IF($A9="","",IF(OR($K9="",$L9=""),"",IFERROR($K9*$L9,""))) | N9: 920 | O9: 5100 | P9: 500 | Q9: =IF($A9="","",IF(COUNT($K9,$N9:$P9)=0,"",IFERROR(SUM($M9:$P9)*Assumptions!$B$4,""))) | R9: =IF($A9="","",IF(COUNT($K9,$N9:$P9)=0,"",IFERROR(SUM($M9:$Q9),""))) | S9: 9800 | T9: 23 | U9: =IF($A9="","",IF($T9="","",IFERROR(VLOOKUP($E9,Assumptions!$D$4:$E$8,2,FALSE),""))) | V9: =IF($A9="","",IF(OR($T9="",$U9=""),"",IFERROR($T9*$U9,""))) | W9: 880 | X9: 5075 | Y9: 500 | Z9: =IF($A9="","",IF(COUNT($T9,$W9:$Y9)=0,"",IFERROR(SUM($V9:$Y9)*Assumptions!$B$4,""))) | AA9: =IF($A9="","",IF(COUNT($T9,$W9:$Y9)=0,"",IFERROR(SUM($V9:$Z9),""))) | AB9: 9800 | AC9: =IF(OR($R9="",$AA9=""),"",IFERROR($AA9-$R9,"")) | AD9: =IF(OR($K9="",$T9=""),"",IFERROR($T9-$K9,"")) | AE9: =IF(OR($S9="",$AB9=""),"",IFERROR($AB9-$S9,"")) | AF9: =IF(OR($AA9="",$AB9=""),"",IFERROR($AB9-$AA9,"")) | AG9: =IF(OR($AB9="",$AF9=""),"",IFERROR($AF9/$AB9,""))
A10: DEMO-J006 | B10: Fictional Juniper Clock School | C10: Provide replacement filter kit | D10: Demo rooftop filter bank | E10: Fictional Tech Avery | F10: 46247 | G10: 12 | H10: unit | I10: Customer | J10: Complete | K10: 0 | L10: =IF($A10="","",IF($K10="","",IFERROR(VLOOKUP($E10,Assumptions!$D$4:$E$8,2,FALSE),""))) | M10: =IF($A10="","",IF(OR($K10="",$L10=""),"",IFERROR($K10*$L10,""))) | N10: 480 | O10: 0 | P10: 0 | Q10: =IF($A10="","",IF(COUNT($K10,$N10:$P10)=0,"",IFERROR(SUM($M10:$P10)*Assumptions!$B$4,""))) | R10: =IF($A10="","",IF(COUNT($K10,$N10:$P10)=0,"",IFERROR(SUM($M10:$Q10),""))) | S10: 750 | T10: 0 | U10: =IF($A10="","",IF($T10="","",IFERROR(VLOOKUP($E10,Assumptions!$D$4:$E$8,2,FALSE),""))) | V10: =IF($A10="","",IF(OR($T10="",$U10=""),"",IFERROR($T10*$U10,""))) | W10: 460 | X10: 0 | Y10: 0 | Z10: =IF($A10="","",IF(COUNT($T10,$W10:$Y10)=0,"",IFERROR(SUM($V10:$Y10)*Assumptions!$B$4,""))) | AA10: =IF($A10="","",IF(COUNT($T10,$W10:$Y10)=0,"",IFERROR(SUM($V10:$Z10),""))) | AB10: 750 | AC10: =IF(OR($R10="",$AA10=""),"",IFERROR($AA10-$R10,"")) | AD10: =IF(OR($K10="",$T10=""),"",IFERROR($T10-$K10,"")) | AE10: =IF(OR($S10="",$AB10=""),"",IFERROR($AB10-$S10,"")) | AF10: =IF(OR($AA10="",$AB10=""),"",IFERROR($AB10-$AA10,"")) | AG10: =IF(OR($AB10="",$AF10=""),"",IFERROR($AF10/$AB10,""))
A11: DEMO-J007 | B11: Fictional Harbor Quilt Hall | C11: Replace supply fan assembly | D11: Demo rooftop supply fan | E11: Fictional Tech Casey | F11: 46260 | G11: 1 | H11: unit | I11: Contractor | J11: In Progress | K11: 16 | L11: =IF($A11="","",IF($K11="","",IFERROR(VLOOKUP($E11,Assumptions!$D$4:$E$8,2,FALSE),""))) | M11: =IF($A11="","",IF(OR($K11="",$L11=""),"",IFERROR($K11*$L11,""))) | N11: 600 | O11: 2300 | P11: 0 | Q11: =IF($A11="","",IF(COUNT($K11,$N11:$P11)=0,"",IFERROR(SUM($M11:$P11)*Assumptions!$B$4,""))) | R11: =IF($A11="","",IF(COUNT($K11,$N11:$P11)=0,"",IFERROR(SUM($M11:$Q11),""))) | S11: 4500 | T11: 8 | U11: =IF($A11="","",IF($T11="","",IFERROR(VLOOKUP($E11,Assumptions!$D$4:$E$8,2,FALSE),""))) | V11: =IF($A11="","",IF(OR($T11="",$U11=""),"",IFERROR($T11*$U11,""))) | W11: 300 | X11: 2200 | Y11: 0 | Z11: =IF($A11="","",IF(COUNT($T11,$W11:$Y11)=0,"",IFERROR(SUM($V11:$Y11)*Assumptions!$B$4,""))) | AA11: =IF($A11="","",IF(COUNT($T11,$W11:$Y11)=0,"",IFERROR(SUM($V11:$Z11),""))) | AC11: =IF(OR($R11="",$AA11=""),"",IFERROR($AA11-$R11,"")) | AD11: =IF(OR($K11="",$T11=""),"",IFERROR($T11-$K11,"")) | AE11: =IF(OR($S11="",$AB11=""),"",IFERROR($AB11-$S11,"")) | AF11: =IF(OR($AA11="",$AB11=""),"",IFERROR($AB11-$AA11,"")) | AG11: =IF(OR($AB11="",$AF11=""),"",IFERROR($AF11/$AB11,""))
A12: DEMO-J008 | B12: Fictional Cobalt Umbrella Gym | C12: Diagnose comfort complaint | D12: Demo variable-air-volume zone | E12: Fictional Tech Devon | F12: 46269 | G12: 1 | H12: zone | I12: Contractor | J12: In Progress | K12: 6 | L12: =IF($A12="","",IF($K12="","",IFERROR(VLOOKUP($E12,Assumptions!$D$4:$E$8,2,FALSE),""))) | M12: =IF($A12="","",IF(OR($K12="",$L12=""),"",IFERROR($K12*$L12,""))) | N12: 150 | O12: 0 | P12: 0 | Q12: =IF($A12="","",IF(COUNT($K12,$N12:$P12)=0,"",IFERROR(SUM($M12:$P12)*Assumptions!$B$4,""))) | R12: =IF($A12="","",IF(COUNT($K12,$N12:$P12)=0,"",IFERROR(SUM($M12:$Q12),""))) | S12: 850 | T12: 5.5 | U12: =IF($A12="","",IF($T12="","",IFERROR(VLOOKUP($E12,Assumptions!$D$4:$E$8,2,FALSE),""))) | V12: =IF($A12="","",IF(OR($T12="",$U12=""),"",IFERROR($T12*$U12,""))) | W12: 80 | X12: 0 | Y12: 0 | Z12: =IF($A12="","",IF(COUNT($T12,$W12:$Y12)=0,"",IFERROR(SUM($V12:$Y12)*Assumptions!$B$4,""))) | AA12: =IF($A12="","",IF(COUNT($T12,$W12:$Y12)=0,"",IFERROR(SUM($V12:$Z12),""))) | AC12: =IF(OR($R12="",$AA12=""),"",IFERROR($AA12-$R12,"")) | AD12: =IF(OR($K12="",$T12=""),"",IFERROR($T12-$K12,"")) | AE12: =IF(OR($S12="",$AB12=""),"",IFERROR($AB12-$S12,"")) | AF12: =IF(OR($AA12="",$AB12=""),"",IFERROR($AB12-$AA12,"")) | AG12: =IF(OR($AB12="",$AF12=""),"",IFERROR($AF12/$AB12,""))
A13: DEMO-J009 | B13: Fictional Peach Compass Clinic | C13: Replace condensing unit | D13: Demo 4-ton condensing unit | E13: Fictional Tech Blair | F13: 46283 | G13: 1 | H13: system | I13: Contractor | J13: Scheduled | K13: 20 | L13: =IF($A13="","",IF($K13="","",IFERROR(VLOOKUP($E13,Assumptions!$D$4:$E$8,2,FALSE),""))) | M13: =IF($A13="","",IF(OR($K13="",$L13=""),"",IFERROR($K13*$L13,""))) | N13: 700 | O13: 3900 | P13: 350 | Q13: =IF($A13="","",IF(COUNT($K13,$N13:$P13)=0,"",IFERROR(SUM($M13:$P13)*Assumptions!$B$4,""))) | R13: =IF($A13="","",IF(COUNT($K13,$N13:$P13)=0,"",IFERROR(SUM($M13:$Q13),""))) | S13: 7900 | U13: =IF($A13="","",IF($T13="","",IFERROR(VLOOKUP($E13,Assumptions!$D$4:$E$8,2,FALSE),""))) | V13: =IF($A13="","",IF(OR($T13="",$U13=""),"",IFERROR($T13*$U13,""))) | Z13: =IF($A13="","",IF(COUNT($T13,$W13:$Y13)=0,"",IFERROR(SUM($V13:$Y13)*Assumptions!$B$4,""))) | AA13: =IF($A13="","",IF(COUNT($T13,$W13:$Y13)=0,"",IFERROR(SUM($V13:$Z13),""))) | AC13: =IF(OR($R13="",$AA13=""),"",IFERROR($AA13-$R13,"")) | AD13: =IF(OR($K13="",$T13=""),"",IFERROR($T13-$K13,"")) | AE13: =IF(OR($S13="",$AB13=""),"",IFERROR($AB13-$S13,"")) | AF13: =IF(OR($AA13="",$AB13=""),"",IFERROR($AB13-$AA13,"")) | AG13: =IF(OR($AB13="",$AF13=""),"",IFERROR($AF13/$AB13,""))
A14: DEMO-J010 | B14: Fictional Meadow Rocket Apartments | C14: Clean common-area duct sections | D14: Demo common-area duct system | E14: Fictional Tech Ellis | F14: 46291 | G14: 180 | H14: linear foot | I14: Shared | J14: Draft | K14: 32 | L14: =IF($A14="","",IF($K14="","",IFERROR(VLOOKUP($E14,Assumptions!$D$4:$E$8,2,FALSE),""))) | M14: =IF($A14="","",IF(OR($K14="",$L14=""),"",IFERROR($K14*$L14,""))) | N14: 950 | O14: 450 | P14: 1200 | Q14: =IF($A14="","",IF(COUNT($K14,$N14:$P14)=0,"",IFERROR(SUM($M14:$P14)*Assumptions!$B$4,""))) | R14: =IF($A14="","",IF(COUNT($K14,$N14:$P14)=0,"",IFERROR(SUM($M14:$Q14),""))) | S14: 6200 | U14: =IF($A14="","",IF($T14="","",IFERROR(VLOOKUP($E14,Assumptions!$D$4:$E$8,2,FALSE),""))) | V14: =IF($A14="","",IF(OR($T14="",$U14=""),"",IFERROR($T14*$U14,""))) | Z14: =IF($A14="","",IF(COUNT($T14,$W14:$Y14)=0,"",IFERROR(SUM($V14:$Y14)*Assumptions!$B$4,""))) | AA14: =IF($A14="","",IF(COUNT($T14,$W14:$Y14)=0,"",IFERROR(SUM($V14:$Z14),""))) | AC14: =IF(OR($R14="",$AA14=""),"",IFERROR($AA14-$R14,"")) | AD14: =IF(OR($K14="",$T14=""),"",IFERROR($T14-$K14,"")) | AE14: =IF(OR($S14="",$AB14=""),"",IFERROR($AB14-$S14,"")) | AF14: =IF(OR($AA14="",$AB14=""),"",IFERROR($AB14-$AA14,"")) | AG14: =IF(OR($AB14="",$AF14=""),"",IFERROR($AF14/$AB14,""))
L15: =IF($A15="","",IF($K15="","",IFERROR(VLOOKUP($E15,Assumptions!$D$4:$E$8,2,FALSE),""))) | M15: =IF($A15="","",IF(OR($K15="",$L15=""),"",IFERROR($K15*$L15,""))) | Q15: =IF($A15="","",IF(COUNT($K15,$N15:$P15)=0,"",IFERROR(SUM($M15:$P15)*Assumptions!$B$4,""))) | R15: =IF($A15="","",IF(COUNT($K15,$N15:$P15)=0,"",IFERROR(SUM($M15:$Q15),""))) | U15: =IF($A15="","",IF($T15="","",IFERROR(VLOOKUP($E15,Assumptions!$D$4:$E$8,2,FALSE),""))) | V15: =IF($A15="","",IF(OR($T15="",$U15=""),"",IFERROR($T15*$U15,""))) | Z15: =IF($A15="","",IF(COUNT($T15,$W15:$Y15)=0,"",IFERROR(SUM($V15:$Y15)*Assumptions!$B$4,""))) | AA15: =IF($A15="","",IF(COUNT($T15,$W15:$Y15)=0,"",IFERROR(SUM($V15:$Z15),""))) | AC15: =IF(OR($R15="",$AA15=""),"",IFERROR($AA15-$R15,"")) | AD15: =IF(OR($K15="",$T15=""),"",IFERROR($T15-$K15,"")) | AE15: =IF(OR($S15="",$AB15=""),"",IFERROR($AB15-$S15,"")) | AF15: =IF(OR($AA15="",$AB15=""),"",IFERROR($AB15-$AA15,"")) | AG15: =IF(OR($AB15="",$AF15=""),"",IFERROR($AF15/$AB15,""))
L16: =IF($A16="","",IF($K16="","",IFERROR(VLOOKUP($E16,Assumptions!$D$4:$E$8,2,FALSE),""))) | M16: =IF($A16="","",IF(OR($K16="",$L16=""),"",IFERROR($K16*$L16,""))) | Q16: =IF($A16="","",IF(COUNT($K16,$N16:$P16)=0,"",IFERROR(SUM($M16:$P16)*Assumptions!$B$4,""))) | R16: =IF($A16="","",IF(COUNT($K16,$N16:$P16)=0,"",IFERROR(SUM($M16:$Q16),""))) | U16: =IF($A16="","",IF($T16="","",IFERROR(VLOOKUP($E16,Assumptions!$D$4:$E$8,2,FALSE),""))) | V16: =IF($A16="","",IF(OR($T16="",$U16=""),"",IFERROR($T16*$U16,""))) | Z16: =IF($A16="","",IF(COUNT($T16,$W16:$Y16)=0,"",IFERROR(SUM($V16:$Y16)*Assumptions!$B$4,""))) | AA16: =IF($A16="","",IF(COUNT($T16,$W16:$Y16)=0,"",IFERROR(SUM($V16:$Z16),""))) | AC16: =IF(OR($R16="",$AA16=""),"",IFERROR($AA16-$R16,"")) | AD16: =IF(OR($K16="",$T16=""),"",IFERROR($T16-$K16,"")) | AE16: =IF(OR($S16="",$AB16=""),"",IFERROR($AB16-$S16,"")) | AF16: =IF(OR($AA16="",$AB16=""),"",IFERROR($AB16-$AA16,"")) | AG16: =IF(OR($AB16="",$AF16=""),"",IFERROR($AF16/$AB16,""))
L17: =IF($A17="","",IF($K17="","",IFERROR(VLOOKUP($E17,Assumptions!$D$4:$E$8,2,FALSE),""))) | M17: =IF($A17="","",IF(OR($K17="",$L17=""),"",IFERROR($K17*$L17,""))) | Q17: =IF($A17="","",IF(COUNT($K17,$N17:$P17)=0,"",IFERROR(SUM($M17:$P17)*Assumptions!$B$4,""))) | R17: =IF($A17="","",IF(COUNT($K17,$N17:$P17)=0,"",IFERROR(SUM($M17:$Q17),""))) | U17: =IF($A17="","",IF($T17="","",IFERROR(VLOOKUP($E17,Assumptions!$D$4:$E$8,2,FALSE),""))) | V17: =IF($A17="","",IF(OR($T17="",$U17=""),"",IFERROR($T17*$U17,""))) | Z17: =IF($A17="","",IF(COUNT($T17,$W17:$Y17)=0,"",IFERROR(SUM($V17:$Y17)*Assumptions!$B$4,""))) | AA17: =IF($A17="","",IF(COUNT($T17,$W17:$Y17)=0,"",IFERROR(SUM($V17:$Z17),""))) | AC17: =IF(OR($R17="",$AA17=""),"",IFERROR($AA17-$R17,"")) | AD17: =IF(OR($K17="",$T17=""),"",IFERROR($T17-$K17,"")) | AE17: =IF(OR($S17="",$AB17=""),"",IFERROR($AB17-$S17,"")) | AF17: =IF(OR($AA17="",$AB17=""),"",IFERROR($AB17-$AA17,"")) | AG17: =IF(OR($AB17="",$AF17=""),"",IFERROR($AF17/$AB17,""))
L18: =IF($A18="","",IF($K18="","",IFERROR(VLOOKUP($E18,Assumptions!$D$4:$E$8,2,FALSE),""))) | M18: =IF($A18="","",IF(OR($K18="",$L18=""),"",IFERROR($K18*$L18,""))) | Q18: =IF($A18="","",IF(COUNT($K18,$N18:$P18)=0,"",IFERROR(SUM($M18:$P18)*Assumptions!$B$4,""))) | R18: =IF($A18="","",IF(COUNT($K18,$N18:$P18)=0,"",IFERROR(SUM($M18:$Q18),""))) | U18: =IF($A18="","",IF($T18="","",IFERROR(VLOOKUP($E18,Assumptions!$D$4:$E$8,2,FALSE),""))) | V18: =IF($A18="","",IF(OR($T18="",$U18=""),"",IFERROR($T18*$U18,""))) | Z18: =IF($A18="","",IF(COUNT($T18,$W18:$Y18)=0,"",IFERROR(SUM($V18:$Y18)*Assumptions!$B$4,""))) | AA18: =IF($A18="","",IF(COUNT($T18,$W18:$Y18)=0,"",IFERROR(SUM($V18:$Z18),""))) | AC18: =IF(OR($R18="",$AA18=""),"",IFERROR($AA18-$R18,"")) | AD18: =IF(OR($K18="",$T18=""),"",IFERROR($T18-$K18,"")) | AE18: =IF(OR($S18="",$AB18=""),"",IFERROR($AB18-$S18,"")) | AF18: =IF(OR($AA18="",$AB18=""),"",IFERROR($AB18-$AA18,"")) | AG18: =IF(OR($AB18="",$AF18=""),"",IFERROR($AF18/$AB18,""))
L19: =IF($A19="","",IF($K19="","",IFERROR(VLOOKUP($E19,Assumptions!$D$4:$E$8,2,FALSE),""))) | M19: =IF($A19="","",IF(OR($K19="",$L19=""),"",IFERROR($K19*$L19,""))) | Q19: =IF($A19="","",IF(COUNT($K19,$N19:$P19)=0,"",IFERROR(SUM($M19:$P19)*Assumptions!$B$4,""))) | R19: =IF($A19="","",IF(COUNT($K19,$N19:$P19)=0,"",IFERROR(SUM($M19:$Q19),""))) | U19: =IF($A19="","",IF($T19="","",IFERROR(VLOOKUP($E19,Assumptions!$D$4:$E$8,2,FALSE),""))) | V19: =IF($A19="","",IF(OR($T19="",$U19=""),"",IFERROR($T19*$U19,""))) | Z19: =IF($A19="","",IF(COUNT($T19,$W19:$Y19)=0,"",IFERROR(SUM($V19:$Y19)*Assumptions!$B$4,""))) | AA19: =IF($A19="","",IF(COUNT($T19,$W19:$Y19)=0,"",IFERROR(SUM($V19:$Z19),""))) | AC19: =IF(OR($R19="",$AA19=""),"",IFERROR($AA19-$R19,"")) | AD19: =IF(OR($K19="",$T19=""),"",IFERROR($T19-$K19,"")) | AE19: =IF(OR($S19="",$AB19=""),"",IFERROR($AB19-$S19,"")) | AF19: =IF(OR($AA19="",$AB19=""),"",IFERROR($AB19-$AA19,"")) | AG19: =IF(OR($AB19="",$AF19=""),"",IFERROR($AF19/$AB19,""))
L20: =IF($A20="","",IF($K20="","",IFERROR(VLOOKUP($E20,Assumptions!$D$4:$E$8,2,FALSE),""))) | M20: =IF($A20="","",IF(OR($K20="",$L20=""),"",IFERROR($K20*$L20,""))) | Q20: =IF($A20="","",IF(COUNT($K20,$N20:$P20)=0,"",IFERROR(SUM($M20:$P20)*Assumptions!$B$4,""))) | R20: =IF($A20="","",IF(COUNT($K20,$N20:$P20)=0,"",IFERROR(SUM($M20:$Q20),""))) | U20: =IF($A20="","",IF($T20="","",IFERROR(VLOOKUP($E20,Assumptions!$D$4:$E$8,2,FALSE),""))) | V20: =IF($A20="","",IF(OR($T20="",$U20=""),"",IFERROR($T20*$U20,""))) | Z20: =IF($A20="","",IF(COUNT($T20,$W20:$Y20)=0,"",IFERROR(SUM($V20:$Y20)*Assumptions!$B$4,""))) | AA20: =IF($A20="","",IF(COUNT($T20,$W20:$Y20)=0,"",IFERROR(SUM($V20:$Z20),""))) | AC20: =IF(OR($R20="",$AA20=""),"",IFERROR($AA20-$R20,"")) | AD20: =IF(OR($K20="",$T20=""),"",IFERROR($T20-$K20,"")) | AE20: =IF(OR($S20="",$AB20=""),"",IFERROR($AB20-$S20,"")) | AF20: =IF(OR($AA20="",$AB20=""),"",IFERROR($AB20-$AA20,"")) | AG20: =IF(OR($AB20="",$AF20=""),"",IFERROR($AF20/$AB20,""))
L21: =IF($A21="","",IF($K21="","",IFERROR(VLOOKUP($E21,Assumptions!$D$4:$E$8,2,FALSE),""))) | M21: =IF($A21="","",IF(OR($K21="",$L21=""),"",IFERROR($K21*$L21,""))) | Q21: =IF($A21="","",IF(COUNT($K21,$N21:$P21)=0,"",IFERROR(SUM($M21:$P21)*Assumptions!$B$4,""))) | R21: =IF($A21="","",IF(COUNT($K21,$N21:$P21)=0,"",IFERROR(SUM($M21:$Q21),""))) | U21: =IF($A21="","",IF($T21="","",IFERROR(VLOOKUP($E21,Assumptions!$D$4:$E$8,2,FALSE),""))) | V21: =IF($A21="","",IF(OR($T21="",$U21=""),"",IFERROR($T21*$U21,""))) | Z21: =IF($A21="","",IF(COUNT($T21,$W21:$Y21)=0,"",IFERROR(SUM($V21:$Y21)*Assumptions!$B$4,""))) | AA21: =IF($A21="","",IF(COUNT($T21,$W21:$Y21)=0,"",IFERROR(SUM($V21:$Z21),""))) | AC21: =IF(OR($R21="",$AA21=""),"",IFERROR($AA21-$R21,"")) | AD21: =IF(OR($K21="",$T21=""),"",IFERROR($T21-$K21,"")) | AE21: =IF(OR($S21="",$AB21=""),"",IFERROR($AB21-$S21,"")) | AF21: =IF(OR($AA21="",$AB21=""),"",IFERROR($AB21-$AA21,"")) | AG21: =IF(OR($AB21="",$AF21=""),"",IFERROR($AF21/$AB21,""))
L22: =IF($A22="","",IF($K22="","",IFERROR(VLOOKUP($E22,Assumptions!$D$4:$E$8,2,FALSE),""))) | M22: =IF($A22="","",IF(OR($K22="",$L22=""),"",IFERROR($K22*$L22,""))) | Q22: =IF($A22="","",IF(COUNT($K22,$N22:$P22)=0,"",IFERROR(SUM($M22:$P22)*Assumptions!$B$4,""))) | R22: =IF($A22="","",IF(COUNT($K22,$N22:$P22)=0,"",IFERROR(SUM($M22:$Q22),""))) | U22: =IF($A22="","",IF($T22="","",IFERROR(VLOOKUP($E22,Assumptions!$D$4:$E$8,2,FALSE),""))) | V22: =IF($A22="","",IF(OR($T22="",$U22=""),"",IFERROR($T22*$U22,""))) | Z22: =IF($A22="","",IF(COUNT($T22,$W22:$Y22)=0,"",IFERROR(SUM($V22:$Y22)*Assumptions!$B$4,""))) | AA22: =IF($A22="","",IF(COUNT($T22,$W22:$Y22)=0,"",IFERROR(SUM($V22:$Z22),""))) | AC22: =IF(OR($R22="",$AA22=""),"",IFERROR($AA22-$R22,"")) | AD22: =IF(OR($K22="",$T22=""),"",IFERROR($T22-$K22,"")) | AE22: =IF(OR($S22="",$AB22=""),"",IFERROR($AB22-$S22,"")) | AF22: =IF(OR($AA22="",$AB22=""),"",IFERROR($AB22-$AA22,"")) | AG22: =IF(OR($AB22="",$AF22=""),"",IFERROR($AF22/$AB22,""))
L23: =IF($A23="","",IF($K23="","",IFERROR(VLOOKUP($E23,Assumptions!$D$4:$E$8,2,FALSE),""))) | M23: =IF($A23="","",IF(OR($K23="",$L23=""),"",IFERROR($K23*$L23,""))) | Q23: =IF($A23="","",IF(COUNT($K23,$N23:$P23)=0,"",IFERROR(SUM($M23:$P23)*Assumptions!$B$4,""))) | R23: =IF($A23="","",IF(COUNT($K23,$N23:$P23)=0,"",IFERROR(SUM($M23:$Q23),""))) | U23: =IF($A23="","",IF($T23="","",IFERROR(VLOOKUP($E23,Assumptions!$D$4:$E$8,2,FALSE),""))) | V23: =IF($A23="","",IF(OR($T23="",$U23=""),"",IFERROR($T23*$U23,""))) | Z23: =IF($A23="","",IF(COUNT($T23,$W23:$Y23)=0,"",IFERROR(SUM($V23:$Y23)*Assumptions!$B$4,""))) | AA23: =IF($A23="","",IF(COUNT($T23,$W23:$Y23)=0,"",IFERROR(SUM($V23:$Z23),""))) | AC23: =IF(OR($R23="",$AA23=""),"",IFERROR($AA23-$R23,"")) | AD23: =IF(OR($K23="",$T23=""),"",IFERROR($T23-$K23,"")) | AE23: =IF(OR($S23="",$AB23=""),"",IFERROR($AB23-$S23,"")) | AF23: =IF(OR($AA23="",$AB23=""),"",IFERROR($AB23-$AA23,"")) | AG23: =IF(OR($AB23="",$AF23=""),"",IFERROR($AF23/$AB23,""))
L24: =IF($A24="","",IF($K24="","",IFERROR(VLOOKUP($E24,Assumptions!$D$4:$E$8,2,FALSE),""))) | M24: =IF($A24="","",IF(OR($K24="",$L24=""),"",IFERROR($K24*$L24,""))) | Q24: =IF($A24="","",IF(COUNT($K24,$N24:$P24)=0,"",IFERROR(SUM($M24:$P24)*Assumptions!$B$4,""))) | R24: =IF($A24="","",IF(COUNT($K24,$N24:$P24)=0,"",IFERROR(SUM($M24:$Q24),""))) | U24: =IF($A24="","",IF($T24="","",IFERROR(VLOOKUP($E24,Assumptions!$D$4:$E$8,2,FALSE),""))) | V24: =IF($A24="","",IF(OR($T24="",$U24=""),"",IFERROR($T24*$U24,""))) | Z24: =IF($A24="","",IF(COUNT($T24,$W24:$Y24)=0,"",IFERROR(SUM($V24:$Y24)*Assumptions!$B$4,""))) | AA24: =IF($A24="","",IF(COUNT($T24,$W24:$Y24)=0,"",IFERROR(SUM($V24:$Z24),""))) | AC24: =IF(OR($R24="",$AA24=""),"",IFERROR($AA24-$R24,"")) | AD24: =IF(OR($K24="",$T24=""),"",IFERROR($T24-$K24,"")) | AE24: =IF(OR($S24="",$AB24=""),"",IFERROR($AB24-$S24,"")) | AF24: =IF(OR($AA24="",$AB24=""),"",IFERROR($AB24-$AA24,"")) | AG24: =IF(OR($AB24="",$AF24=""),"",IFERROR($AF24/$AB24,""))
L25: =IF($A25="","",IF($K25="","",IFERROR(VLOOKUP($E25,Assumptions!$D$4:$E$8,2,FALSE),""))) | M25: =IF($A25="","",IF(OR($K25="",$L25=""),"",IFERROR($K25*$L25,""))) | Q25: =IF($A25="","",IF(COUNT($K25,$N25:$P25)=0,"",IFERROR(SUM($M25:$P25)*Assumptions!$B$4,""))) | R25: =IF($A25="","",IF(COUNT($K25,$N25:$P25)=0,"",IFERROR(SUM($M25:$Q25),""))) | U25: =IF($A25="","",IF($T25="","",IFERROR(VLOOKUP($E25,Assumptions!$D$4:$E$8,2,FALSE),""))) | V25: =IF($A25="","",IF(OR($T25="",$U25=""),"",IFERROR($T25*$U25,""))) | Z25: =IF($A25="","",IF(COUNT($T25,$W25:$Y25)=0,"",IFERROR(SUM($V25:$Y25)*Assumptions!$B$4,""))) | AA25: =IF($A25="","",IF(COUNT($T25,$W25:$Y25)=0,"",IFERROR(SUM($V25:$Z25),""))) | AC25: =IF(OR($R25="",$AA25=""),"",IFERROR($AA25-$R25,"")) | AD25: =IF(OR($K25="",$T25=""),"",IFERROR($T25-$K25,"")) | AE25: =IF(OR($S25="",$AB25=""),"",IFERROR($AB25-$S25,"")) | AF25: =IF(OR($AA25="",$AB25=""),"",IFERROR($AB25-$AA25,"")) | AG25: =IF(OR($AB25="",$AF25=""),"",IFERROR($AF25/$AB25,""))
L26: =IF($A26="","",IF($K26="","",IFERROR(VLOOKUP($E26,Assumptions!$D$4:$E$8,2,FALSE),""))) | M26: =IF($A26="","",IF(OR($K26="",$L26=""),"",IFERROR($K26*$L26,""))) | Q26: =IF($A26="","",IF(COUNT($K26,$N26:$P26)=0,"",IFERROR(SUM($M26:$P26)*Assumptions!$B$4,""))) | R26: =IF($A26="","",IF(COUNT($K26,$N26:$P26)=0,"",IFERROR(SUM($M26:$Q26),""))) | U26: =IF($A26="","",IF($T26="","",IFERROR(VLOOKUP($E26,Assumptions!$D$4:$E$8,2,FALSE),""))) | V26: =IF($A26="","",IF(OR($T26="",$U26=""),"",IFERROR($T26*$U26,""))) | Z26: =IF($A26="","",IF(COUNT($T26,$W26:$Y26)=0,"",IFERROR(SUM($V26:$Y26)*Assumptions!$B$4,""))) | AA26: =IF($A26="","",IF(COUNT($T26,$W26:$Y26)=0,"",IFERROR(SUM($V26:$Z26),""))) | AC26: =IF(OR($R26="",$AA26=""),"",IFERROR($AA26-$R26,"")) | AD26: =IF(OR($K26="",$T26=""),"",IFERROR($T26-$K26,"")) | AE26: =IF(OR($S26="",$AB26=""),"",IFERROR($AB26-$S26,"")) | AF26: =IF(OR($AA26="",$AB26=""),"",IFERROR($AB26-$AA26,"")) | AG26: =IF(OR($AB26="",$AF26=""),"",IFERROR($AF26/$AB26,""))
... L104: =IF($A104="","",IF($K104="","",IFERROR(VLOOKUP($E104,Assumptions!$D$4:$E$8,2,FALSE),""))) | M104: =IF($A104="","",IF(OR($K104="",$L104=""),"",IFERROR($K104*$L104,""))) | Q104: =IF($A104="","",IF(COUNT($K104,$N104:$P104)=0,"",IFERROR(SUM($M104:$P104)*Assumptions!$B$4,""))) | R104: =IF($A104="","",IF(COUNT($K104,$N104:$P104)=0,"",IFERROR(SUM($M104:$Q104),""))) | U104: =IF($A104="","",IF($T104="","",IFERROR(VLOOKUP($E104,Assumptions!$D$4:$E$8,2,FALSE),""))) | V104: =IF($A104="","",IF(OR($T104="",$U104=""),"",IFERROR($T104*$U104,""))) | Z104: =IF($A104="","",IF(COUNT($T104,$W104:$Y104)=0,"",IFERROR(SUM($V104:$Y104)*Assumptions!$B$4,""))) | AA104: =IF($A104="","",IF(COUNT($T104,$W104:$Y104)=0,"",IFERROR(SUM($V104:$Z104),""))) | AC104: =IF(OR($R104="",$AA104=""),"",IFERROR($AA104-$R104,"")) | AD104: =IF(OR($K104="",$T104=""),"",IFERROR($T104-$K104,"")) | AE104: =IF(OR($S104="",$AB104=""),"",IFERROR($AB104-$S104,"")) | AF104: =IF(OR($AA104="",$AB104=""),"",IFERROR($AB104-$AA104,"")) | AG104: =IF(OR($AB104="",$AF104=""),"",IFERROR($AF104/$AB104,""))

Sheet Assumptions
A1: HVAC Job Costing Assumptions
A2: Orange cells are editable. Rates and alert limits are planning assumptions, not guaranteed prices or requirements.
A3: Operating Assumption | B3: Value | D3: Technician | E3: Burdened Labor Cost | G3: Status Choices | I3: Responsibility Choices | K3: Unit Choices
A4: Overhead rate on direct cost | B4: 0.1 | D4: Fictional Tech Avery | E4: 42 | G4: Draft | I4: Contractor | K4: job
A5: Gross margin warning threshold | B5: 0.2 | D5: Fictional Tech Blair | E5: 45 | G5: Scheduled | I5: Customer | K5: system
A6: Cost variance alert amount | B6: 250 | D6: Fictional Tech Casey | E6: 48 | G6: In Progress | I6: Shared | K6: zone
A7: Maximum labor hours per job | B7: 1000 | D7: Fictional Tech Devon | E7: 43 | G7: Complete | K7: unit
A8: Maximum cost or price entry | B8: 1000000 | D8: Fictional Tech Ellis | E8: 50 | G8: On Hold | K8: linear foot
A9: Maximum quantity per job | B9: 1000
